 Dungeon Crawl Stone Soup version 0.18.2-3-g5ac21b8443 (webtiles) character file.

128 Crauler the Skirmisher (level 5, 0/55 HPs)
             Began as an Ogre Hunter on Oct 30, 2023.
             Succumbed to an adder's poison
             ... on level 2 of the Dungeon on Oct 31, 2023.
             The game lasted 00:05:05 (1743 turns).

Crauler the Skirmisher (Ogre Hunter)                Turns: 1743, Time: 00:05:06

Health: 0/55       AC:  3    Str: 17    XL:     5   Next: 12%
Magic:  5/5        EV: 10    Int: 10    God:
Gold:   61         SH:  0    Dex: 11    Spells: 0 memorised, 4 levels left

rFire  . . .     SeeInvis .     a - +0 short sword
rCold  . . .     Gourm    .     b - +0 robe
rNeg   . . .     Faith    .     (no shield)
rPois  .         Spirit   .     (helmet restricted)
rElec  .         Dismiss  .     (no cloak)
rCorr  .         Reflect  .     (gloves unavailable)
SustAt .         Harm     .     (boots unavailable)
MR     .....                    (no amulet)
Stlth  +.........               (no ring)
                                (no ring)

@: lethally poisoned (0 -> -16), not resistant to hostile enchantments, very
unstealthy
A: unfitting armour, tough skin 1
a: no special abilities


You were on level 2 of the Dungeon.
You were not hungry.

You visited 1 branch of the dungeon, and saw 2 of its levels.

You collected 61 gold pieces.

Inventory:

Hand Weapons
 a - a +0 short sword (weapon)
 k - a +0 club
Missiles
 g - 23 poisoned needles
 j - 6 tomahawks (quivered)
Armour
 b - a +0 robe (worn)
Wands
 t - a wand of flame (19/48)
Scrolls
 e - 2 scrolls of immolation {unknown}
 h - a scroll of blinking {unknown}
 l - 3 scrolls of remove curse {unknown}
 o - a scroll of enchant armour {unknown}
 r - a scroll of noise {unknown}
Potions
 m - a potion of degeneration {unknown}
 n - a potion of cure mutation {unknown}
 p - a potion of agility {unknown}
 q - a potion of berserk rage {unknown}
 u - a potion of flight {unknown}
 w - a potion of mutation {unknown}
Comestibles
 f - 2 bread rations
 i - a royal jelly
 s - 3 fruits


   Skills:
 + Level 4.6 Fighting
 * Level 3.9 Maces & Flails
 - Level 4.2 Throwing
 - Level 2.2 Dodging
 - Level 0.7 Stealth


You had 4 spell levels left.
You didn't know any spells.

Dungeon Overview and Level Annotations

Branches:
Dungeon (2/15)

Altars:
Qazlal
Xom
Yredelemnul


Innate Abilities, Weirdness & Mutations

You are too large for most types of armour.
You have tough skin (AC +1).


Message History

You are lethally poisoned!
The adder poisons you!
The adder struggles to escape the net.
Throwing (i - inventory):
j - 7 tomahawks (quivered)
Press: ? - help, Shift-Dir - straight line, f/p - adder
Aim: an adder (heavily wounded, entangled in a net)
You throw a tomahawk. The tomahawk barely misses the adder.
* * * LOW HITPOINT WARNING * * *
You feel sick. The adder bites you.
* * * LOW HITPOINT WARNING * * *
The adder struggles against the net.
The adder bites you but does no damage.
Unknown command.
* * * LOW HITPOINT WARNING * * *
You feel sick.
The adder struggles to escape the net.
The adder barely misses you.
* * * LOW HITPOINT WARNING * * *
You feel sick.
The adder struggles to escape the net.
The adder bites you.
* * * LOW HITPOINT WARNING * * *
You are more poisoned.
The adder poisons you!
The adder struggles against the net.
You die...

##.....#.....#
#########...(.........
#.............(....[..
#............S........
#...............(.....
#.....................
#......)..............
####..S#..............
#.@%##.............
#####.S.###.....#..(..#
w.......##...#.######.#
........#..###.# ..#
.......... ..?...##...
.... ...... #..%# ....#
###### #...# .....
....# .....


You could see 2 adders.

Vanquished Creatures
  2 jellies (D:2)
  2 adders (D:2)
  An ooze (D:1)
  2 worms (D:2)
  5 dart slugs
  3 bats (D:1)
  2 giant cockroaches
  2 goblins
  2 hobgoblins (D:1)
  7 kobolds
  A sheep (D:2)
  3 giant newts (D:1)
  6 rats
38 creatures vanquished.

Notes
Turn   | Place    | Note
--------------------------------------------------------------
     0 | D:1      | Crauler the Ogre Hunter began the quest for the Orb.
     0 | D:1      | Reached XP level 1. HP: 22/22 MP: 1/1
    30 | D:1      | Reached XP level 2. HP: 27/31 MP: 2/2
   620 | D:1      | Reached skill level 1 in Maces & Flails
   620 | D:1      | Reached XP level 3. HP: 34/37 MP: 3/3
   859 | D:2      | Reached XP level 4. HP: 2/48 MP: 4/4
  1144 | D:2      | Found a shimmering altar of Xom.
  1373 | D:2      | Found a stormy altar of Qazlal.
  1373 | D:2      | Found a basalt altar of Yredelemnul.
  1668 | D:2      | Reached XP level 5. HP: 32/55 MP: 5/5
  1742 | D:2      | HP: 2/55 [poisoned by an adder]
  1743 | D:2      | Succumbed to an adder's poison

Skill      XL: |  1  2  3  4 |
---------------+-------------+-----
Fighting       | 3 4 |  4.6
Dodging        | 2 |  2.2
Maces & Flails | 1 2 3 |  3.9
Throwing       | |  4.2
Stealth        | |  0.7

Action                   |  1- 3 |  4- 6 || total
-------------------------+-------+-------++-------
Melee: Short sword       |    89 |    65 ||   154
Throw: Large rock        |     4 |     6 ||    10
       Tomahawk          |       |     3 ||     3
       Throwing net      |       |     2 ||     2
Evoke: Wand              |     2 |     1 ||     3
 Stab: Sleeping          |     1 |       ||     1
  Eat: Chunk             |       |     3 ||     3
Armor: Robe              |    31 |    16 ||    47
Dodge: Dodged            |    60 |    32 ||    92
